 Dungeon Crawl Stone Soup version 0.30-a0-1074-g5db6f66fbb (webtiles) character file.

Game seed: 16390476050918142312

96919 cforsyth the Convoker (level 16, -5/116 HPs)
             Began as an Octopode Summoner on Apr 13, 2023.
             Was an Initiate of Gozag.
             Slain by a seven-headed hydra simulacrum (10 damage)
             ... in an ice cave on Apr 14, 2023.
             The game lasted 01:17:00 (27565 turns).

cforsyth the Convoker (Octopode Summoner)          Turns: 27565, Time: 01:17:01

Health: -5/116     AC:  2    Str:  9    XL:     16   Next: 18%
Magic:  7/43       EV: 28    Int: 24    God:    Gozag
Gold:   2868       SH:  0    Dex: 12    Spells: 7/43 levels left

rFire   + . .      SeeInvis +    l - staff of fire
rCold   + . .      Faith    .    (no shield)
rNeg    + . .      Spirit   .    J - +1 hat {Will+}
rPois   +          Reflect  .    R - amulet of magic regeneration
rElec   .          Rampage  .    Q - +5 ring of evasion
rCorr   .                        g - +5 ring of evasion
Will    +++..                    t - ring of poison resistance
Stlth   +++                      w - ring of see invisible
HPRegen 0.39/turn                x - ring of magical power
MPRegen 0.68/turn                G - ring of protection from cold
                                 z - ring of willpower
                                 b - ring of positive energy

@: forested, gold aura
A: almost no armour, amphibious, 8 rings, camouflage 1, gelatinous body 1,
(nimble swimmer 1), tentacles
a: Renounce Religion, Potion Petition, Call Merchant, Bribe Branch


You were in an ice cave.
You worshipped Gozag.
Gozag was most pleased with you.
You visited 4 branches of the dungeon, and saw 23 of its levels.
You also visited: Gauntlet and Ice Cave.

You collected 7652 gold pieces.
You spent 960 gold pieces at shops.
You paid 3824 gold pieces to Gozag.

Inventory:

Missiles
 L - 4 throwing nets
Armour
 J - a +1 hat of willpower (worn)
Magical Staves
 l - a staff of fire (weapon)
Jewellery
 b - a ring of positive energy (on tentacle)
 d - a ring of flight
 g - a +5 ring of evasion (right tentacle)
 t - a ring of poison resistance (on tentacle)
 w - a ring of see invisible (on tentacle)
 x - a ring of magical power (on tentacle)
 z - a ring of willpower (on tentacle)
 G - a ring of protection from cold (on tentacle)
 N - an amulet of reflection
 Q - a +5 ring of evasion (left tentacle)
 R - an amulet of magic regeneration (around mantle)
Wands
 k - a wand of flame (35)
 q - a wand of charming (24)
 s - a wand of roots (25)
 A - a wand of polymorph (14)
 E - a wand of light (11)
 K - a wand of mindburst (14)
Scrolls
 f - 13 scrolls of teleportation
 h - 3 scrolls of fear
 j - a scroll of acquirement
 m - 11 scrolls of immolation
 p - 2 scrolls of enchant armour
 v - 4 scrolls of magic mapping
 y - 4 scrolls of enchant weapon
 C - 4 scrolls of vulnerability
 D - 2 scrolls of poison
 F - 2 scrolls of blinking
 H - 3 scrolls of torment
 I - a scroll of silence
 P - 2 scrolls of fog
 T - 2 scrolls of identify
Potions
 a - a potion of magic
 c - 8 potions of brilliance
 e - 4 potions of flight
 i - 2 potions of lignification
 n - a potion of ambrosia
 o - 6 potions of might
 r - 8 potions of attraction
 B - 2 potions of mutation
 M - 8 potions of curing
 S - 2 potions of haste
 U - 2 potions of heal wounds
 X - a potion of cancellation {unknown}


   Skills:
 + Level 12.6 Fighting
 + Level 12.8 Dodging
 - Level 2.6 Stealth
 - Level 14.2 Spellcasting
 - Level 3.0 Hexes
 - Level 15.7 Summonings
 - Level 4.0 Air Magic


You had 7 spell levels left.
You knew the following spells:

 Your Spells              Type           Power      Damage    Failure   Level
a - Summon Small Mammal   Summ           100%       N/A       0%          1
b - Call Imp              Summ           100%       N/A       0%          2
c - Call Canine Familiar  Summ           75%        N/A       0%          3
d - Summon Guardian Gole  Hex/Summ       58%        N/A       1%          3
e - Summon Lightning Spi  Summ/Air       59%        N/A       1%          4
f - Summon Forest         Summ/Tloc      26%        N/A       3%          5
g - Summon Cactus Giant   Summ           37%        N/A       1%          6
h - Summon Mana Viper     Hex/Summ       58%        N/A       1%          5
i - Summon Hydra          Summ           37%        N/A       4%          7

Your spell library contained the following spells:

 Spells                   Type           Power      Damage    Failure   Level
 Summon Ice Beast         Ice/Summ       53%        N/A       1%          4
 Poisonous Vapours        Pois/Air       52%        N/A       2%          2
 Beastly Appendage        Tmut           34%        N/A       3%          1
 Magic Dart               Conj           68%        1d6       3%          1
 Sting                    Tmut/Pois      68%        1d6       3%          1
 Cigotuvi's Dreadful Rot  Necr/Pois/Air  46%        N/A       3%          2
 Tukima's Dance           Hex            31%        N/A       3%          3
 Monstrous Menagerie      Summ           37%        N/A       4%          7
 Scorch                   Fire           50%        2d7       5%          2
 Sublimation of Blood     Necr           17%        N/A       5%          2
 Wereblood                Tmut           17%        N/A       5%          2
 Inner Flame              Hex/Fire       36%        N/A       5%          3
 Mephitic Cloud           Conj/Pois/Air  23%        N/A       6%          3
 Gell's Gravitas          Tloc           17%        N/A       11%         3
 Ignite Poison            Fire/Tmut/Pois 25%        N/A       11%         3
 Spider Form              Tmut/Pois      17%        N/A       11%         3
 Teleport Other           Tloc           17%        N/A       11%         3
 Dispel Undead            Necr           17%        3d10      34%         4
 Flame Wave               Conj/Fire      25%        2d8       34%         4
 Manifold Assault         Tloc           17%        N/A       34%         4
 Olgreb's Toxic Radiance  Pois           17%        N/A       34%         4
 Passage of Golubria      Tloc           17%        N/A       34%         4
 Petrify                  Tmut/Erth      17%        N/A       34%         4
 Yara's Violent Unravell  Hex/Tmut       12%        3d7       45%         5
 Freezing Cloud           Conj/Ice/Air   11%        6-21      50%         5
 Irradiate                Conj/Tmut      8%         3d14      67%         5
 Death Channel            Necr           8%         N/A       99%         6
 Dispersal                Tloc           8%         N/A       99%         6
 Enfeeble                 Hex            15%        N/A       100%        7
 Disjunction              Tloc           8%         N/A       100%        8


Dungeon Overview and Level Annotations

Branches:
Dungeon (15/15)            Temple (1/1) D:6            Lair (5/5) D:11
 Shoals (0/4) Lair:2       Spider (0/4) Lair:3        Slime (0/5) Lair:5
    Orc (2/2) D:9             Elf (0/3) Orc:2        Vaults (0/5) D:14
 Depths (0/4) D:15          IceCv (1/1)             Gauntlet (visited)

Altars:
Ashenzari
Cheibriados
Dithmenos
Elyvilon
Fedhas
Gozag
Hepliaklqana
Kikubaaqudgha
Makhleb
Nemelex Xobeh
Okawaru
Qazlal
Ru
Sif Muna
Trog
Uskayaw
Vehumet
Wu Jian
Xom
Yredelemnul
Zin
The Shining One

Shops:
D:1 !   D:2 =   D:11 !   D:13 *   Orc:2 [(([[   Lair:1 :=*=

Annotations:
D:4 3 runed translucent doors, Newt's ghost, novice KoHu


Innate Abilities, Weirdness & Mutations

You cannot wear most types of armour.
You are amphibious.
You can wear up to eight rings at the same time.
Your skin changes colour to match your surroundings (Stealth+).
Your rubbery body absorbs attacks. (AC +1, EV +1)
((You are camouflaged when in or above water. (Stealth+)))
You have tentacles for arms and can constrict up to eight enemies at once.


Message History

Your eight-headed hydra bites the white very ugly thing! x2
Your eight-headed hydra bites the white very ugly thing!!
Your eight-headed hydra bites the white very ugly thing!
Your eight-headed hydra closely misses the white very ugly thing.
Your eight-headed hydra bites the white very ugly thing.
Your eight-headed hydra barely misses the white very ugly thing.
Your cactus giant hits the golden dragon simulacrum with a +0 giant spiked club!
Unknown command.
Casting: Summon Hydra (dangerous; 4% risk of failure)
Confirm with . or Enter, or press ? or * to list all spells.
A five-headed hydra appears.
The alligator simulacrum is no longer distracted by gold.
The seven-headed hydra simulacrum is no longer distracted by gold.
The white very ugly thing is distracted by your dazzling golden aura.
Your eight-headed hydra bites the white very ugly thing!
The white very ugly thing is no longer distracted by gold.
Your eight-headed hydra bites the white very ugly thing!
Your eight-headed hydra barely misses the white very ugly thing.
Your eight-headed hydra bites the white very ugly thing.
The white very ugly thing dies!
Your eight-headed hydra bites the golden dragon simulacrum!
Your eight-headed hydra bites the golden dragon simulacrum.
Your eight-headed hydra bites the golden dragon simulacrum but does no damage.
The golden dragon simulacrum is no longer distracted by gold.
Your eight-headed hydra bites the golden dragon simulacrum but does no damage.
You feel your intelligence returning.
The anaconda simulacrum is no longer distracted by gold.
The seven-headed hydra simulacrum bites you!
The seven-headed hydra simulacrum freezes you!
You resist.
* * * LOW HITPOINT WARNING * * *
The seven-headed hydra simulacrum bites you.
* * * LOW HITPOINT WARNING * * *
The seven-headed hydra simulacrum freezes you!!
You resist.
* * * LOW HITPOINT WARNING * * *
The seven-headed hydra simulacrum completely misses you. x3
The seven-headed hydra simulacrum bites you!
You die...
Your body crumbles into a pile of gold.

#♣##♣##
♣#..∩..♣#
#...∩ZZ.#♣
#....D$C.@#
♣.~~~~.♣ZZ..#
♣~~~~~....D.#
#~~~~~......♣
#.~..~~...♣...#
♣....8...8....#
#......)......#
...?[$....##


You could see an anaconda simulacrum, an alligator simulacrum, a seven-headed
hydra simulacrum (ally target), a golden dragon simulacrum (ally target), a
friendly eight-headed hydra (summoned), a friendly five-headed hydra (summoned)
and a friendly cactus giant (summoned).

Vanquished Creatures
  A blink frog (Lair:4)
  A raiju (Lair:5)
  A water moccasin (Lair:4)
  A bullfrog (D:9)
  A jelly (D:4)
  An orc wizard (D:8)
  3 adders
  A dart slug (D:1)
  6 orcs
  5 ball pythons
  4 bats
  An endoplasm (D:1)
  3 giant cockroaches
  2 goblins
  A hobgoblin (D:1)
  4 kobolds
  A frilled lizard (D:1)
  A rat (D:1)
38 creatures vanquished.

Vanquished Creatures (collateral kills)
  Gastronok (Lair:3)
  Kirke (Lair:4)
  The ghost of Cisawen the Cruncher, a journeyman FoCA of Ignis (Lair:4)
  A very ugly thing (IceCv)
  A stone giant (Orc:2)
  A minotaur (Gauntlet)
  2 crystal guardians (D:13)
  A fire dragon (Lair:5)
  3 hydras
  Harold (Lair:2)
  2 ogre magi (Orc:2)
  3 vault guards (D:14)
  2 caustic shrike simulacra (IceCv)
  A boulder beetle (D:13)
  Erica (Lair:2)
  8 two-headed ogres
  A dancing weapon (Lair:4)
  Nergalle (Lair:3)
  4 skeletal warriors (D:14)
  Amaemon (Lair:3)
  A skyshark (Lair:3)
  An orange crystal statue (D:13)
  2 deep trolls (Orc:2)
  An orb spider (Lair:3)
  2 lindwurms (Lair:5)
  An orc knight (Orc:1)
  2 harpies (Lair:2)
  The ghost of Pimp the Trooper, a novice DsGl (D:7)
  3 ugly things (D:13)
  A deep elf pyromancer (D:7)
  4 cyclopes
  A manticore (D:14)
  3 nameless horrors
  A guardian serpent (shapeshifter) (D:14)
  3 slime creatures (D:12)
  A black mamba (Lair:1)
  10 elephants
  5 torpor snails (Lair:5)
  7 cane toads
  An orange demon (Lair:3)
  6 komodo dragons
  A kobold demonologist (D:11)
  2 tengu conjurers (D:9)
  3 tyrant leeches (Lair:5)
  11 trolls
  13 polar bears
  8 hornets (Lair:5)
  5 blink frogs (Lair:4)
  2 raiju (Lair:5)
  5 dream sheep (Lair:3)
  4 shadows
  3 wraiths
  8 humans (D:14)
  2 basilisks
  A steam dragon (D:7)
  15 yaks
  5 wyverns
  2 fire bats (Gauntlet)
  3 hogs (Lair:4)
  12 vampire mosquitoes
  5 wargs
  13 hell hounds (Lair:5)
  16 black bears
  14 water moccasins
  2 ice beasts
  12 orc warriors
  2 sky beasts
  21 ogres
  4 centaurs
  15 wolves
  11 bullfrogs
  A gnoll sergeant (D:8)
  A kobold brigand (D:6)
  2 scorpions
  3 wights (D:8)
  A killer bee (D:7)
  2 lindwurm simulacra (IceCv)
  An electric eel (Lair:3)
  4 howler monkeys
  2 hounds
  4 jellies (Lair:5)
  11 orc priests
  A sleepcap (D:6)
  4 iguanas
  20 orc wizards
  A boggart simulacrum (D:12)
  14 gnolls
  6 adders
  A shadow imp (D:7)
  4 white imps
  An ufetubus (D:4)
  A worm (D:4)
  68 orcs
  8 ball pythons
  4 endoplasms
  3 giant cockroaches
  5 hobgoblins
  10 kobolds
  A quokka (D:2)
  4 bats
  A frilled lizard (D:2)
  5 goblins
  5 rats
513 creatures vanquished.

Vanquished Creatures (others)
  A blizzard demon (Gauntlet)
  A hydra (Lair:3)
  7 two-headed ogres
  A manticore (D:13)
  An elephant (Lair:3)
  A black mamba (Lair:1)
  A cane toad (Lair:2)
  A torpor snail (Lair:2)
  2 komodo dragons
  A rime drake (Lair:3)
  Sigmund (D:6)
  A shadow (D:11)
  A vampire (D:10)
  2 slime creatures (D:12)
  A basilisk (D:14)
  A human (D:14)
  8 yaks
  A vampire mosquito (D:12)
  A steam dragon (D:9)
  An acid dragon (D:11)
  A hell hound (Lair:5)
  6 orc warriors
  A sky beast (D:7)
  A black bear (D:6)
  2 ogres
  A wolf (Lair:5)
  A kobold brigand (D:4)
  2 wights (D:8)
  2 killer bees (D:7)
  A gnoll bouda (D:9)
  2 orc priests
  2 orc wizards
  2 gnolls
  2 orcs
  18 fungi
  28 plants
  A snaplasher vine (D:14)
108 creatures vanquished.

Grand Total: 659 creatures vanquished

Notes
Turn   | Place    | Note
-------+----------+-------------------------------------------
     0 | D:1      | cforsyth the Octopode Summoner began the quest for the Orb.
     0 | D:1      | Reached XP level 1. HP: 11/11 MP: 3/3
    47 | D:1      | Found Ixirij's Distillery.
   190 | D:1      | Noticed a shining eye
   191 | D:1      | Found a faded altar of an unknown god.
   220 | D:1      | Reached XP level 2. HP: 17/17 MP: 1/5
   266 | D:1      | Noticed an eye of devastation
   266 | D:1      | Noticed a great orb of eyes
   266 | D:1      | Noticed an eye of devastation
   829 | D:2      | Reached XP level 3. HP: 9/21 MP: 1/7
   832 | D:2      | Learned a level 2 spell: Call Imp
   836 | D:2      | Learned a level 3 spell: Call Canine Familiar
  1072 | D:2      | Found Kickiem's Jewellery Shoppe.
  1468 | D:2      | Found a blossoming altar of Fedhas.
  1829 | D:2      | Reached XP level 4. HP: 27/27 MP: 4/8
  2384 | D:3      | Reached skill level 5 in Summonings
  2679 | D:3      | Learned a level 1 spell: Sting
  2853 | D:4      | Reached XP level 5. HP: 24/31 MP: 4/10
  2919 | D:4      | Noticed a kobold brigand
  2929 | D:4      | Learned a level 3 spell: Summon Guardian Golem
  2956 | D:4      | Killed a kobold brigand
  2957 | D:4      | Reached skill level 1 in Hexes
  2982 | D:4      | Found a runed translucent gate.
  2982 | D:4      | Found a runed translucent gate.
  2982 | D:4      | Found a runed translucent gate.
  2983 | D:4      | Noticed Newt's ghost (novice KoHu)
  3055 | D:4      | Reached XP level 6. HP: 36/36 MP: 3/12
  3301 | D:4      | Noticed a black bear
  3327 | D:4      | Killed a black bear
  3751 | D:4      | Found a hazy altar of Hepliaklqana.
  3982 | D:5      | Entered Level 5 of the Dungeon
  3982 | D:5      | Found a bloodstained altar of Trog.
  4119 | D:5      | Reached skill level 6 in Summonings
  4223 | D:5      | Reached XP level 7. HP: 41/41 MP: 5/13
  4572 | D:5      | Reached skill level 5 in Spellcasting
  4805 | D:5      | Learned a level 4 spell: Summon Lightning Spire
  5003 | D:6      | Found a staircase to the Ecumenical Temple.
  5350 | D:6      | Reached skill level 1 in Air Magic
  5361 | Temple   | Entered the Ecumenical Temple
  5477 | Temple   | Became a worshipper of Gozag Ym Sagoz the Greedy
  5511 | D:6      | Reached XP level 8. HP: 46/46 MP: 6/16
  5752 | D:6      | Reached skill level 7 in Summonings
  6568 | D:6      | Noticed Sigmund
  6590 | D:6      | Killed Sigmund
  6974 | D:7      | Reached skill level 8 in Summonings
  6974 | D:7      | Reached XP level 9. HP: 51/51 MP: 17/19
  7139 | D:7      | Found a runed translucent gate.
  7498 | D:7      | Reached skill level 9 in Summonings
  7499 | D:7      | Noticed a deep elf pyromancer
  7518 | D:7      | Killed a deep elf pyromancer
  7751 | D:7      | Reached XP level 10. HP: 56/56 MP: 22/22
  7754 | D:7      | Reached skill level 10 in Summonings
  7882 | D:7      | Found a runed translucent gate.
  7882 | D:7      | Found a runed translucent gate.
  7886 | D:7      | Noticed Pimp's ghost (novice DsGl)
  8294 | D:7      | Killed Pimp's ghost
  8602 | D:8      | Noticed a two-headed ogre
  8611 | D:8      | Killed a two-headed ogre
  8767 | D:8      | Noticed a two-headed ogre
  8774 | D:8      | Killed a two-headed ogre
  8775 | D:8      | Reached skill level 11 in Summonings
  8838 | D:8      | Reached skill level 10 in Spellcasting
  9371 | D:9      | Identified the +1 cloak of Proximity {Drain rPois rC+++
                  | Dex-3}
  9503 | D:9      | Reached XP level 11. HP: 56/61 MP: 22/25
  9749 | D:9      | Reached skill level 12 in Summonings
 10530 | D:9      | Found a staircase to the Orcish Mines.
 10703 | D:10     | Entered Level 10 of the Dungeon
 10757 | D:10     | Found a blossoming altar of Fedhas.
 10765 | D:10     | Found an ancient bone altar of Kikubaaqudgha.
 10767 | D:10     | Found a broken altar of Ashenzari.
 10768 | D:10     | Found a sparkling altar of Nemelex Xobeh.
 10850 | D:10     | Noticed a two-headed ogre
 10850 | D:10     | Noticed a two-headed ogre
 10855 | D:10     | Killed a two-headed ogre
 10859 | D:10     | Killed a two-headed ogre
 11308 | D:10     | Found a white marble altar of Elyvilon.
 11348 | D:10     | Reached skill level 13 in Summonings
 11918 | D:11     | Identified a scroll of acquirement
 12057 | D:11     | Found a staircase to the Lair.
 12159 | D:11     | Learned a level 5 spell: Summon Mana Viper
 12588 | D:11     | Noticed a two-headed ogre
 12602 | D:11     | Killed a two-headed ogre
 12616 | D:11     | Reached XP level 12. HP: 66/66 MP: 20/28
 12726 | D:11     | Found a sparkling altar of Nemelex Xobeh.
 12767 | D:11     | Noticed a two-headed ogre
 12783 | D:11     | Killed a two-headed ogre
 12886 | D:11     | Found Jes Ciumaka's Distillery.
 13305 | D:12     | You are sucked into a shaft and drop 1 floor!
 13386 | D:12     | Reached skill level 14 in Summonings
 13412 | D:12     | Found a gate leading to a gauntlet.
 13419 | Gauntlet | Entered a Gauntlet
 13419 | Gauntlet | Found a transporter.
 13531 | Gauntlet | Found a transporter.
 13548 | Gauntlet | Found a transporter.
 13552 | Gauntlet | Found a transporter.
 13573 | Gauntlet | Found a transporter.
 13586 | Gauntlet | Found a transporter.
 13591 | Gauntlet | Noticed a blizzard demon
 13597 | Gauntlet | Found a transporter.
 13608 | Gauntlet | Noticed a ghost crab
 13628 | Gauntlet | Found a transporter.
 13628 | Gauntlet | Found a transporter.
 13634 | Gauntlet | Found a transporter.
 13667 | Gauntlet | Found a transporter.
 13667 | Gauntlet | Found a transporter.
 14034 | Gauntlet | Killed a blizzard demon
 14053 | Gauntlet | Identified the +0 cloak "Qoateh" {rF- rC+++ rCorr Str+3}
 14098 | Gauntlet | Reached XP level 13. HP: 71/71 MP: 29/29
 14099 | Gauntlet | Reached skill level 5 in Fighting
 14111 | Gauntlet | Noticed a minotaur
 14130 | Gauntlet | Killed a minotaur
 14211 | Gauntlet | Identified the +4 scale mail of Disappointment {+Blink rF-
                  | rCorr}
 15194 | Lair:1   | Entered Level 1 of the Lair of Beasts
 16295 | Lair:2   | Found a staircase to the Shoals.
 16303 | Lair:2   | Noticed Erica
 16310 | Lair:2   | Killed Erica
 16663 | Lair:2   | Reached XP level 14. HP: 92/92 MP: 30/30
 16845 | Lair:2   | Noticed Harold
 16854 | Lair:2   | Killed Harold
 17281 | Lair:3   | Found a hole to the Spider Nest.
 17690 | Lair:3   | Noticed Amaemon
 17703 | Lair:3   | Killed Amaemon
 17873 | Lair:3   | Learned a level 7 spell: Summon Hydra
 17908 | Lair:3   | Noticed Nergalle
 17915 | Lair:3   | Noticed Gastronok
 18130 | Lair:3   | Killed Nergalle
 18141 | Lair:3   | Killed Gastronok
 18142 | Lair:3   | Reached skill level 10 in Dodging
 18838 | Lair:4   | Reached skill level 10 in Fighting
 18905 | Lair:4   | Found a runed translucent door.
 19017 | Lair:4   | Noticed Kirke
 19266 | Lair:4   | Found a shimmering altar of Xom.
 19266 | Lair:4   | Noticed Cisawen's ghost (journeyman FoCA)
 19327 | Lair:4   | Killed Kirke
 19807 | Lair:1   | Bought a book of Scorching for 480 gold pieces
 19807 | Lair:1   | Bought the Discourse on the Vector for 480 gold pieces
 19816 | Lair:1   | Learned a level 5 spell: Summon Forest
 19823 | Lair:1   | Learned a level 6 spell: Summon Cactus Giant
 19902 | Lair:4   | Killed Cisawen's ghost
 19967 | Lair:5   | Entered Level 5 of the Lair of Beasts
 20578 | Lair:5   | Reached skill level 15 in Summonings
 20625 | Lair:5   | Reached XP level 15. HP: 94/103 MP: 31/32
 21272 | Lair:5   | Found a staircase to the Slime Pits.
 21647 | Lair:5   | Found a runed translucent door.
 22619 | Orc:1    | Entered Level 1 of the Orcish Mines
 22873 | Orc:2    | Entered Level 2 of the Orcish Mines
 23171 | Orc:2    | Found a staircase to the Elven Halls.
 23921 | Orc:2    | Found Ebonn's Weapon Boutique.
 23925 | Orc:2    | Found Boadog's Antique Armour Shop.
 23962 | Orc:2    | Found Darphuog's Weapon Emporium.
 23973 | Orc:2    | Found Unyka's Armour Boutique.
 24056 | Orc:2    | Found Jusimmox's Armour Shop.
 24976 | D:13     | Found Vuha's General Store.
 25199 | D:13     | Found a runed translucent door.
 26681 | D:14     | Reached XP level 16. HP: 90/114 MP: 30/34
 27416 | D:14     | Identified the +0 kite shield of the Ecumenical Temple
                  | {rN+++}
 27417 | D:14     | Found a gate to the Vaults.
 27492 | D:15     | Entered Level 15 of the Dungeon
 27544 | D:15     | Found a frozen archway.
 27552 | IceCv    | Entered an ice cave
 27565 | IceCv    | HP: 5/116 [seven-headed hydra simulacrum (19)]
 27565 | IceCv    | Slain by a seven-headed hydra simulacrum

Illustrated notes

Levels and vault maps discovered:
D:1:      zelgadis_glass_arrival_small, layout_rooms, serial_shops,
          shop_fountains, hellmonk_ecumenical_altar_watching_god,
          minmay_misc_feat_tiny, serial_bayou_pond_a
D:2:      layout_basic, serial_shops, shop, basic_altar, nicolae_hexahallways,
          st_stairs_10, hangedman_decor_slide_cut
D:3:      layout_basic, amcnicky_mini_rare_corridor_liquid, hex_intersection
D:4:      layout_loops_ring, overflow_temple_1_default, gammafunk_ghost_split
D:5:      layout_rooms, bloody_trog
D:6:      layout_loops_ring, minmay_temple_entry_mist, uniq_sigmund
D:7:      hangedman_cross_stitches, layout_loops_corners,
          biasface_ghost_orc_armoury
D:8:      layout_rooms, kennysheep_small_circle
D:9:      layout_basic, hiddenorc2_lemuel
D:10:     layout_roguey, lemuel_doored_altar, minitemple
D:11:     layout_loops_ring, lair_entry_dummy, serial_shops,
          nicolae_shop_crystal, nemelex_lonely_heart_becter
D:12:     layout_cross, gauntlet_entry_generic, kennysheep_generic_room_5
D:13:     layout_roguey, serial_shops, nicolae_shop_advertising_works
          [nicolae_subvault_shop_adworks], minmay_crystal_box
D:14:     layout_loops_corners, ximxim_vaults_locker_room,
          kennysheep_nondescript
D:15:     hangedman_depths_entry_try_elsewhere_first, layout_grid_maze,
          portal_ice_cave_entry_pillars_1, minivault_23, uniq_louise
Temple:   eino_wide_crystal_templ
Lair:1:   layout_chaotic_city
Lair:2:   layout_cave_pods, nicolae_shoals_entry_roost, grunt_megastairs_4,
          uniq_erica, uniq_harold
Lair:3:   layout_roguey, nicolae_spider_entry_orb_guardian,
          nicolae_quartered_pool_super, uniq_nergalle, uniq_amaemon,
          uniq_gastronok
Lair:4:   layout_gridlike, ebering_ghost_xom, chequers_serial_rivers_micro_d,
          uniq_kirke
Lair:5:   wormcave, layout_regular_city, hangedman_lair_caniforms_friends,
          nicolae_slime_entry_slimehenge, minivault_25
Orc:1:    layout_diamond_mine
Orc:2:    st_orc_open, layout_diamond_mine, serial_shops, shop_statue
IceCv:    ice_cave_statue_garden_transporter

Skill      XL: |  1  2  3  4  5  6  7  8  9 10 11 12 13 14 15 |
---------------+----------------------------------------------+-----
Spellcasting   | 3 4 5 6 8 10 12 13 14 | 14.2
Summonings     | 5 6 8 9 11 13 14 15 | 15.7
Hexes          | 1 2 3 |  3.0
Air Magic      | 1 4 |  4.0
Fighting       | 7 10 12 | 12.6
Dodging        | 7 10 12 | 12.8
Stealth        | |  2.6

Action                     |  1- 3 |  4- 6 |  7- 9 | 10-12 | 13-15 | 16-18 || total
---------------------------+-------+-------+-------+-------+-------+-------++-------
  Melee: Unarmed           |    57 |       |       |       |       |       ||    57
         Constrict         |    18 |    11 |     8 |     7 |    10 |       ||    54
         Tentacles         |    13 |     9 |     7 |     8 |    27 |       ||    64
         Staff             |     2 |    30 |    22 |    24 |    56 |       ||   134
         Punch             |       |       |       |     2 |     1 |       ||     3
   Cast: Summon Small Mamm |    41 |    17 |    19 |    45 |    14 |       ||   136
         Call Canine Famil |     9 |    21 |    24 |    39 |    38 |     2 ||   133
         Call Imp          |     4 |    15 |    22 |    34 |    13 |       ||    88
         Summon Guardian G |       |     4 |    24 |    49 |    65 |     2 ||   144
         Summon Lightning  |       |       |     6 |    35 |    68 |     2 ||   111
         Summon Mana Viper |       |       |       |     3 |    88 |     4 ||    95
         Summon Hydra      |       |       |       |       |    38 |     5 ||    43
         Summon Cactus Gia |       |       |       |       |    62 |     5 ||    67
         Summon Forest     |       |       |       |       |    23 |     2 ||    25
 Invoke: Potion Petition   |       |       |       |     1 |       |       ||     1
         Call Merchant     |       |       |       |       |     4 |       ||     4
    Use: Scroll            |       |       |       |    27 |     5 |     1 ||    33
         Potion            |       |       |       |     2 |       |       ||     2
   Stab: Sleeping          |     2 |     3 |     1 |       |       |       ||     6
 Armour: Skin              |     4 |     1 |     2 |     1 |     4 |     1 ||    13
  Dodge: Dodged            |    53 |    37 |    28 |    54 |   231 |    22 ||   425

Table legend: (Time is in decaauts)
 A = Elapsed time spent in this place.
 B = Non-inter-level travel time spent in this place.
 C = Inter-level travel time spent in this place.
 D = Time resting spent in this place.
 E = Time spent auto-exploring this place.
 F = Levels seen in this place.
 G = Mean time per level.
                   A        B        C        D        E       F      G
               +--------+--------+--------+--------+--------+-----+--------+
         Total |  27621 |  26679 |    942 |   3254 |  18049 |  25 | 1104.8 |
       Dungeon |  17336 |  16825 |    511 |   2425 |  11293 |  15 | 1155.7 |
        Temple |    125 |    116 |      9 |      0 |     97 |   1 |  125.0 |
          Lair |   7394 |   7073 |    321 |    512 |   5008 |   5 | 1478.8 |
  Orcish Mines |   1859 |   1759 |    100 |      0 |   1347 |   2 |  929.5 |
      Ice Cave |     12 |     12 |      0 |      0 |      0 |   1 |   12.0 |
      Gauntlet |    893 |    893 |      0 |    317 |    304 |   1 |  893.0 |
               +--------+--------+--------+--------+--------+-----+--------+

Top non-repeatable levels by time:
  Lair:5: 2542 daAuts
    D:11: 1720 daAuts
     D:7: 1529 daAuts
  Lair:3: 1424 daAuts
     D:9: 1416 daAuts
    D:13: 1406 daAuts
     D:6: 1386 daAuts
     D:5: 1354 daAuts
    D:12: 1325 daAuts
     D:4: 1295 daAuts
   Orc:2: 1276 daAuts
  Lair:2: 1211 daAuts
  Lair:4: 1199 daAuts
    D:14: 1197 daAuts
     D:2: 1150 daAuts
